[Event "*** SCC Grand Prix: Titled Tuesday Blitz"]
[Site "Chess.com"]
[Date "2020.09.29"]
[Round "3"]
[White "maxsergej"]
[Black "SHIVACalypso"]
[Result "0-1"]
[WhiteElo "2084"]
[BlackElo "2346"]
[TimeControl "180+1"]
[EndTime "10:23:54 PDT"]
[Termination "SHIVACalypso won by resignation"]

1. e4 e6 2. d4 d5 3. Nd2 Nf6 4. e5 Nfd7 5. Bd3 c5 6. c3 Nc6 7. Ne2 cxd4 8. cxd4 f6 9. exf6 Nxf6 10. Nf3 Bd6 11. O-O O-O 12. Bf4 Bxf4 13. Nxf4 Ne4 14. Qc1 Ng5 15. Nxg5 Qxg5 16. Ne2 Qf6 17. Qe3 Bd7 18.
Rac1 a6 19. a3 e5 20. dxe5 Nxe5 21. Qg3 Bc6 22. Nd4 Rae8 23. Nxc6 Nxc6 24. Rce1 Qxb2 25. Rxe8 Rxe8 26. Qd6 Qe5 27. Qc7 Qxc7 0-1

[Event "*** SCC Grand Prix: Titled Tuesday Blitz"]
[Site "Chess.com"]
[Date "2020.09.29"]
[Round "3"]
[White "tk22h"]
[Black "Th3_Hound"]
[Result "0-1"]
[WhiteElo "2314"]
[BlackElo "2524"]
[TimeControl "180+1"]
[EndTime "10:24:17 PDT"]
[Termination "Th3_Hound won by resignation"]

1. c4 c5 2. f3 Nc6 3. Nc3 g6 4. e3 Bg7 5. g3 Nf6 6. Bg2 O-O 7.
Nge2 d5 8. cxd5 Nxd5 9. d4 cxd4 10. exd4 Nb6 11. O-O Nxd4 12. Nxd4 Bxd4+ 13. Kh1 Be6 14. Bh6 Re8 15. f4 Bxc3 16. bxc3 Bd5 17. f5 Bxg2+ 18. Kxg2 Qxd1 19. Raxd1 Rac8 20. fxg6 hxg6 21. Rd3 e6 22. Be3 Nd5 23. Bd4 b6 24. Be5 Rc4 25. Rd4 Rxd4 26.
Bxd4 e5 27. Re1 f6 28. c4 Nb4 29. c5 bxc5 30. Bxc5 Nd3 0-1

[Event "*** SCC Grand Prix: Titled Tuesday Blitz"]
[Site "Chess.com"]
[Date "2020.09.29"]
[Round "3"]
[White "Loy_Konstantin"]
[Black "AungTZ"]
[Result "1-0"]
[WhiteElo "2358"]
[BlackElo "2130"]
[TimeControl "180+1"]
[EndTime "10:24:18 PDT"]
[Termination "Loy_Konstantin won by resignation"]

1. e4 c5 2. Nf3 Nc6 3. Nc3 d6 4. Bb5 e6 5. d4 cxd4 6. Qxd4 Nf6 7. Bxc6+ bxc6 8. e5 Nd5 9. exd6 Bxd6 10. Qxg7 Qf6 11.
Qxf6 Nxf6 12. Bg5 Nd5 13. Ne4 Bf8 14. c4 Nb4 15. O-O-O f5 16. Nf6+ Kf7 17. Ne5+ Kg7 18. a3 h6 19. Nh5+ Kh7 20. Bf6 Rg8 21. axb4 1-0

[Event "*** SCC Grand Prix: Titled Tuesday Blitz"]
[Site "Chess.com"]
[Date "2020.09.29"]
[Round "3"]
[White "TheMagnet"]
[Black "goldenpuppy"]
[Result "1-0"]
[WhiteElo "2599"]
[BlackElo "2383"]
[TimeControl "180+1"]
[EndTime "10:24:22 PDT"]
[Termination "TheMagnet won by resignation"]

1. d4 Nf6 2. c4 e6 3. Nc3 Bb4 4. f3 Nc6 5. a3 Bxc3+ 6. bxc3 b6 7. e4 Ba6 8. Bd3 Qc8 9. e5 Ng8 10. Qe2 Nge7 11. f4 Na5 12. Ra2 d5 13. cxd5 Bxd3 14.
Qxd3 exd5 15. Ne2 Nc4 16. O-O Qa6 17. f5 O-O-O 18. Bg5 Rd7 19. e6 fxe6 20. fxe6 Rd6 21.
Bxe7 Rxe6 22. Qh3 b5 23. Nf4 1-0

[Event "*** SCC Grand Prix: Titled Tuesday Blitz"]
[Site "Chess.com"]
[Date "2020.09.29"]
[Round "3"]
[White "Matols"]
[Black "lucasmito"]
[Result "1-0"]
[WhiteElo "2257"]
[BlackElo "2466"]
[TimeControl "180+1"]
[EndTime "10:24:27 PDT"]
[Termination "Matols won by resignation"]

1. d4 d5 2. c4 dxc4 3. Nf3 Nf6 4. e3 b5 5. a4 b4 6. Bxc4 e6 7. O-O Be7 8. Nbd2 Bb7 9. Nb3 Nbd7 10. a5 c5 11. a6 Bxf3 12. Qxf3 cxd4 13. Nxd4 O-O 14. Nc6 Qe8 15. Nxe7+ Qxe7 16. Qg3 Ne4 17. Qf4 Nd6 18. b3 Nxc4 19. Qxc4 Rfc8 20. Qd4 e5 21. Qd5 Nb8 22. Qxa8 Qd7 23. Qb7 1-0

[Event "*** SCC Grand Prix: Titled Tuesday Blitz"]
[Site "Chess.com"]
[Date "2020.09.29"]
[Round "3"]
[White "tteshan"]
[Black "Roza_Idrisova"]
[Result "1-0"]
[WhiteElo "2351"]
[BlackElo "2115"]
[TimeControl "180+1"]
[EndTime "10:24:30 PDT"]
[Termination "tteshan won by resignation"]

1. e4 c6 2. d4 d5 3. Nc3 a6 4. Nf3 Bg4 5. h3 Bh5 6. Bd3 e6 7. O-O Nf6 8. Re1 Be7 9. e5 Nfd7 10. Ne2 c5 11. c3 Nc6 12. Be3 cxd4 13. cxd4 Bxf3 14. gxf3 g6 15. Ng3 O-O 16. f4 Re8 17. Qg4 Bf8 18. f5 exf5 19. Nxf5 h5 20. Qg3 Kh7 21.
Nh4 Re6 22. Kh1 Be7 23. Nf3 Nf8 24. Bg5 Bxg5 25. Nxg5+ Kh6 26. Nxf7+ Kg7 27. Nxd8 Rxd8 28. f4 Nxd4 29. f5 Rc6 30. f6+ Kf7 31. Rg1 Re8 32. Bxg6+ Nxg6 33. Qxg6+ Ke6 34. f7+ 1-0

[Event "*** SCC Grand Prix: Titled Tuesday Blitz"]
[Site "Chess.com"]
[Date "2020.09.29"]
[Round "3"]
[White "gmpeter008"]
[Black "Sashadav97"]
[Result "1-0"]
[WhiteElo "2382"]
[BlackElo "2550"]
[TimeControl "180+1"]
[EndTime "10:24:35 PDT"]
[Termination "gmpeter008 won by resignation"]

1. d4 d5 2. Bf4 c5 3. e3 Nc6 4. Nf3 Nf6 5. Nbd2 Qb6 6. dxc5 Qxb2 7. c4 g6 8. Be2 Bg7 9. O-O O-O 10. Qa4 Bd7 11.
Qb3 Ne4 12. Qxb2 Bxb2 13. cxd5 Nxd2 14. Nxd2 Na5 15. Rab1 Ba3 16. Nb3 Nxb3 17. Rxb3 Bxc5 18. Rxb7 Rfe8 19. Rxd7 1-0

[Event "*** SCC Grand Prix: Titled Tuesday Blitz"]
[Site "Chess.com"]
[Date "2020.09.29"]
[Round "3"]
[White "ajgreen"]
[Black "biostatistician"]
[Result "0-1"]
[WhiteElo "2367"]
[BlackElo "2571"]
[TimeControl "180+1"]
[EndTime "10:24:36 PDT"]
[Termination "biostatistician won by resignation"]

1. e4 d5 2. exd5 Nf6 3. d4 Bg4 4. Bb5+ Nbd7 5. f3 Bf5 6. c4 a6 7. Bxd7+ Qxd7 8. Nc3 e6 9. dxe6 Qxe6+ 10. Qe2 O-O-O 11. Qxe6+ Bxe6 12. d5 Bf5 13. Be3 Bd3 14.
b3 Bb4 15. Kd2 Nxd5 16. Kxd3 Nxe3+ 17. Kxe3 Bxc3 18. Rb1 Rhe8+ 19. Kf4 Rd2 0-1

[Event "*** SCC Grand Prix: Titled Tuesday Blitz"]
[Site "Chess.com"]
[Date "2020.09.29"]
[Round "3"]
[White "ljuks68"]
[Black "AleksanderHnydiuk"]
[Result "0-1"]
[WhiteElo "2360"]
[BlackElo "2549"]
[TimeControl "180+1"]
[EndTime "10:24:42 PDT"]
[Termination "AleksanderHnydiuk won by resignation"]

1. e4 c5 2. Nf3 e6 3. d4 cxd4 4.
Nxd4 Nc6 5. Nc3 a6 6. Nxc6 bxc6 7.
Bd3 d5 8. O-O Nf6 9. e5 Nd7 10.
Re1 g6 11. Bf4 Bg7 12. b3 O-O 13. Na4 f6 14. exf6 Qxf6 15. Bg3 Qxa1 16. Qxa1 Bxa1 17. Rxa1 e5 18. f3 a5 19. Re1 Ba6 20. Bxe5 Bxd3 21.
cxd3 Nxe5 22. Rxe5 Rae8 23. Rxe8 Rxe8 24. Kf2 d4 25. f4 Re3 26. Nc5 Kf7 27. a4 Ke7 28. g3 Kd6 0-1

[Event "*** SCC Grand Prix: Titled Tuesday Blitz"]
[Site "Chess.com"]
[Date "2020.09.29"]
[Round "3"]
[White "LawrenceTrent"]
[Black "leoduarte"]
[Result "1-0"]
[WhiteElo "2513"]
[BlackElo "2300"]
[TimeControl "180+1"]
[EndTime "10:24:42 PDT"]
[Termination "LawrenceTrent won on time"]

1. d4 Nf6 2. Nc3 d5 3. Bf4 c5 4. e3 Nc6 5. Nb5 e5 6. dxe5 Ng4 7. Qxd5 Qa5+ 8. c3 Be6 9. Qe4 O-O-O 10. h3 Nh6 11.
Nf3 Bf5 12. Qc4 Be6 13. Qe2 Be7 14. g4 f6 15. exf6 Bxf6 16. g5 a6 17. Nd6+ Rxd6 18. Bxd6 Nf7 19. gxf6 Nxd6 20. fxg7 Rd8 21. Bg2 Bc4 22.
Qc2 Ne5 23. Nxe5 1-0

[Event "*** SCC Grand Prix: Titled Tuesday Blitz"]
[Site "Chess.com"]
[Date "2020.09.29"]
[Round "3"]
[White "KingCrusher275"]
[Black "Rital44"]
[Result "1-0"]
[WhiteElo "2550"]
[BlackElo "2361"]
[TimeControl "180+1"]
[EndTime "10:24:45 PDT"]
[Termination "KingCrusher275 won by resignation"]

1. d4 e5 2. dxe5 Nc6 3. Nf3 Qe7 4. Bf4 Qb4+ 5. Nc3 Qxf4 6. Nd5 Qa4 7. Nxc7+ Kd8 8. Nxa8 Nb4 9. c3 Qxd1+ 10. Rxd1 Nc6 11.
e3 b6 12. Bb5 Bb7 13. e6 fxe6 14. Bxc6 Bxc6 15. Ne5 Ke8 16. Nxc6 dxc6 17. Nc7+ Kf7 18. O-O Nf6 19. Rd8 h5 20. Rfd1 h4 21. h3 Ne4 22.
R1d7+ Kf6 23. Re8 Nc5 24. Rdd8 Kf7 25. b4 Nb7 26. Rd7+ Kf6 27. Nxe6 Nd6 28. Rxf8+ Kxe6 29. Rxd6+ 1-0

[Event "*** SCC Grand Prix: Titled Tuesday Blitz"]
[Site "Chess.com"]
[Date "2020.09.29"]
[Round "3"]
[White "Manukyan_Artak"]
[Black "salomez"]
[Result "0-1"]
[WhiteElo "2401"]
[BlackElo "2235"]
[TimeControl "180+1"]
[EndTime "10:24:51 PDT"]
[Termination "salomez won by checkmate"]

1. e4 c5 2. Nf3 e6 3. c3 Nf6 4. e5 Nd5 5. d4 cxd4 6. cxd4 d6 7. Nc3 Nxc3 8. bxc3 Qc7 9. Bd2 Nd7 10. Bb5 a6 11.
Bxd7+ Bxd7 12. O-O Be7 13. Re1 O-O 14. exd6 Bxd6 15.
Ne5 f6 16. Nxd7 Qxd7 17. Qg4 f5 18. Qh4 Rae8 19. Bf4 Qc7 20. Bxd6 Qxd6 21. Re5 Rc8 22. Rae1 Rxc3 23. Rxe6 Qxe6 24. Rf1 Rfc8 25. h3 Rc1 26.
Rxc1 Rxc1+ 27. Kh2 Qd6+ 28. f4 Rf1 29. g3 Qxd4 30.
Qe7 Qf2# 0-1

[Event "*** SCC Grand Prix: Titled Tuesday Blitz"]
[Site "Chess.com"]
[Date "2020.09.29"]
[Round "3"]
[White "francyIM"]
[Black "GelmanAlexander"]
[Result "1-0"]
[WhiteElo "2759"]
[BlackElo "2534"]
[TimeControl "180+1"]
[EndTime "10:24:54 PDT"]
[Termination "francyIM won by resignation"]

1. d4 Nf6 2. c4 c5 3. d5 b5 4. cxb5 a6 5. e3 e6 6. Nc3 exd5 7. Nxd5 Bb7 8. Nxf6+ Qxf6 9. Nf3 Be7 10. Be2 axb5 11. Bxb5 O-O 12. O-O d5 13. Be2 Rd8 14. a4 Nc6 15. Rb1 d4 16. Qb3 Rab8 17. exd4 Nxd4 18. Nxd4 Bxg2 19. Nb5 Qg6 20. Qg3 Bxf1 21. Qxg6 Bxe2 22. Qe4 Rd1+ 23. Kg2 Bf1+ 24. Kg3 Bf6 25. Bf4 Rd3+ 26.
f3 1-0

[Event "*** SCC Grand Prix: Titled Tuesday Blitz"]
[Site "Chess.com"]
[Date "2020.09.29"]
[Round "3"]
[White "hawes33"]
[Black "Marcin"]
[Result "0-1"]
[WhiteElo "2200"]
[BlackElo "2474"]
[TimeControl "180+1"]
[EndTime "10:24:57 PDT"]
[Termination "Marcin won by resignation"]

1. e4 c5 2. Nc3 Nc6 3. g3 g6 4. d3 Bg7 5. Be3 d6 6. Qd2 Nd4 7. Nce2 Bg4 8. Bg2 Nxe2 9. Nxe2 Bxb2 10. Rb1 Bg7 11. Rxb7 Nf6 12. h3 Bc8 13. Rb1 e5 14.
Bh6 O-O 15. g4 Be6 16. Ng3 Rc8 17. Bxg7 Kxg7 18. O-O d5 19. f4 exf4 20. Qxf4 dxe4 21. Qe5 Qd4+ 22. Qxd4 cxd4 23. Nxe4 Nxe4 24. Bxe4 Rxc2 25.
a4 Ra2 26. Rb4 Rd8 27. Bc6 Rc8 28. Bb5 Rcc2 29. Rfb1 Rg2+ 30. Kf1 Rh2 31. Kg1 Rag2+ 32. Kf1 Bd5 0-1

[Event "*** SCC Grand Prix: Titled Tuesday Blitz"]
[Site "Chess.com"]
[Date "2020.09.29"]
[Round "3"]
[White "HouseOfDurin"]
[Black "korkmaz16"]
[Result "0-1"]
[WhiteElo "2136"]
[BlackElo "2362"]
[TimeControl "180+1"]
[EndTime "10:25:00 PDT"]
[Termination "korkmaz16 won by resignation"]

1. d4 d5 2. Bg5 h6 3. Bh4 Nc6 4. e3 g5 5. Bg3 Bg7 6. f4 Nf6 7. Nd2 Bf5 8. a3 Ne4 9. Nxe4 Bxe4 10. Nf3 g4 11. Ne5 Nxe5 12. fxe5 h5 13. Bh4 Qd7 14. Qd2 O-O-O 15. Bd3 Bxd3 16. Qxd3 Kb8 17. O-O-O c5 18.
Rhf1 c4 19. Qf5 Qb5 20. Qxf7 c3 21. b3 Bh6 22. Rde1 Rdf8 23. Qxe7 Rxf1 24. Rxf1 Qxf1+ 0-1

[Event "*** SCC Grand Prix: Titled Tuesday Blitz"]
[Site "Chess.com"]
[Date "2020.09.29"]
[Round "3"]
[White "giantslayer83"]
[Black "julinha97"]
[Result "1-0"]
[WhiteElo "2699"]
[BlackElo "2293"]
[TimeControl "180+1"]
[EndTime "10:25:04 PDT"]
[Termination "giantslayer83 won on time"]

1. c4 e5 2. Nc3 Nf6 3. Nf3 Nc6 4. e3 g6 5. d4 exd4 6. exd4 d5 7. Bg5 Bb4 8. cxd5 Qe7+ 9. Be2 Bxc3+ 10. bxc3 Nb8 11. O-O O-O 12. Re1 Qd6 13. c4 Ne4 14. Bh6 Rd8 15. Bd3 Nf6 16. Ne5 Nbd7 17. Qf3 c6 18. Nxd7 Bxd7 19. c5 Qxd5 20. Qxf6 1-0

[Event "*** SCC Grand Prix: Titled Tuesday Blitz"]
[Site "Chess.com"]
[Date "2020.09.29"]
[Round "3"]
[White "Bigfish1995"]
[Black "paulrusan"]
[Result "1-0"]
[WhiteElo "3101"]
[BlackElo "2277"]
[TimeControl "180+1"]
[EndTime "10:25:10 PDT"]
[Termination "Bigfish1995 won by resignation"]

1. g3 g6 2. Bg2 Bg7 3. e4 d6 4. d4 Nf6 5. Nc3 O-O 6. Nge2 Nc6 7. O-O e5 8. d5 Ne7 9. b3 Nd7 10. a4 f5 11. exf5 gxf5 12. f4 Ng6 13. fxe5 dxe5 14. Ba3 Rf7 15. Qd2 Nf6 16. Rad1 Bd7 17. Qg5 Ng4 18.
Qxd8+ Rxd8 19. Bc1 a6 20. d6 c6 21. a5 e4 22. h3 N4e5 23. Na4 Bc8 24. Nb6 Nd7 25. Nxc8 Rxc8 26. g4 fxg4 27. Rxf7 Kxf7 28. hxg4 Nde5 29. Bxe4 Nxg4 30. Bf5 Rd8 31. Bxg4 Be5 32.
d7 1-0

[Event "*** SCC Grand Prix: Titled Tuesday Blitz"]
[Site "Chess.com"]
[Date "2020.09.29"]
[Round "3"]
[White "pedromartinez91"]
[Black "jefferyx"]
[Result "0-1"]
[WhiteElo "2452"]
[BlackElo "2942"]
[TimeControl "180+1"]
[EndTime "10:25:10 PDT"]
[Termination "jefferyx won by resignation"]

1. d4 Nf6 2. Bg5 c5 3. Bxf6 gxf6 4. d5 f5 5. e3 Qb6 6. Qc1 Bg7 7. c3 d6 8. Nh3 Nd7 9. Nd2 Nf6 10. Nf4 e5 11. dxe6 fxe6 12. a4 Bd7 13. Bb5 d5 14. Bxd7+ Nxd7 15. O-O O-O-O 16. a5 Qc6 17. c4 d4 18. Nf3 Rhg8 19. Ng5 Bh6 20. Ngxe6 Rxg2+ 21. Nxg2 Rg8 22. e4 Bxc1 0-1

[Event "*** SCC Grand Prix: Titled Tuesday Blitz"]
[Site "Chess.com"]
[Date "2020.09.29"]
[Round "3"]
[White "davigator"]
[Black "WinstonSilvakov"]
[Result "1-0"]
[WhiteElo "2354"]
[BlackElo "2130"]
[TimeControl "180+1"]
[EndTime "10:25:14 PDT"]
[Termination "davigator won by resignation"]

1. e4 Nf6 2. e5 Nd5 3. d4 d6 4.
c4 Nb6 5. f4 dxe5 6. fxe5 c5 7.
dxc5 Qxd1+ 8. Kxd1 N6d7 9. e6 fxe6 10. Be3 g6 11. Nd2 Bg7 12. Rb1 Na6 13. b4 O-O 14.
Ngf3 e5 15. Ng5 Nf6 16. h3 Bf5 17. Rb3 Rad8 18. g4 Be4 19. Rh2 h6 20. Nxe4 Nxe4 21.
Bd3 Nf6 22. Bxg6 Rd7 23. Ke2 Rfd8 24. Bf5 e6 25. Bxe6+ Kf8 26. Bxd7 Rxd7 27. Rg2 Nc7 28. h4 Ne6 29. g5 hxg5 30. hxg5 Nh5 31. Kf2 Nhf4 32.
Rg4 Rf7 33. Ke1 Nd4 34. Bxd4 exd4 35. Rf3 Be5 36. Kd1 Kg7 37. Ne4 Kg6 38. Rg1 Kf5 39. g6 Rg7 40. Nd6+ Bxd6 41. cxd6 Ke4 42. Rxf4+ Kxf4 43. d7 1-0

[Event "*** SCC Grand Prix: Titled Tuesday Blitz"]
[Site "Chess.com"]
[Date "2020.09.29"]
[Round "3"]
[White "Zemerovv"]
[Black "tgpgoat"]
[Result "1-0"]
[WhiteElo "2308"]
[BlackElo "2004"]
[TimeControl "180+1"]
[EndTime "10:25:15 PDT"]
[Termination "Zemerovv won by checkmate"]

1. g3 Nf6 2. Bg2 g6 3. d3 Bg7 4.
e3 O-O 5. Ne2 d5 6. h3 c6 7. Nd2 e5 8. b3 Be6 9. Bb2 Nfd7 10. g4 Kh8 11. Ng3 Na6 12. Nf3 c5 13. a3 d4 14. g5 Rc8 15. Ne4 Nb6 16. h4 Nd5 17. Qe2 b5 18. Bh3 Bxh3 19. Rxh3 Qb6 20. h5 c4 21. hxg6 fxg6 22. Nh4 c3 23. Bc1 Nc5 24. exd4 exd4 25. Kf1 Nxe4 26. Qxe4 Ne3+ 27. Bxe3 dxe3 28. Nxg6+ Kg8 29. Ne7+ Kh8 30. Qxh7# 1-0

[Event "*** SCC Grand Prix: Titled Tuesday Blitz"]
[Site "Chess.com"]
[Date "2020.09.29"]
[Round "3"]
[White "Trovita84"]
[Black "PavelChernomordik"]
[Result "0-1"]
[WhiteElo "1974"]
[BlackElo "2310"]
[TimeControl "180+1"]
[EndTime "10:25:15 PDT"]
[Termination "PavelChernomordik won by resignation"]

1. e4 g6 2. d4 Bg7 3. Nf3 d6 4.
c3 Nf6 5. Bd3 c5 6. Na3 O-O 7.
Nc2 Nc6 8. O-O Qc7 9. Bf4 e5 10. dxe5 dxe5 11. Bg3 Rd8 12. Qe2 Nh5 13. Bh4 Nf4 14.
Bxd8 Nxe2+ 15. Bxe2 Nxd8 16. Rad1 Ne6 17. Ne3 Nf4 18.
Bc4 Be6 19. Bxe6 fxe6 20. g3 Nh5 21. Kg2 Qc6 22. Nd2 Nf6 23. f3 Rd8 24. Ndc4 Rxd1 25. Rxd1 Nd7 26. Rd6 Qc7 27. Rxe6 Nf8 28. Rd6 b5 29.
Nd5 Qb8 30. Ne7+ Kh8 31. Nc6 Qc7 0-1

[Event "*** SCC Grand Prix: Titled Tuesday Blitz"]
[Site "Chess.com"]
[Date "2020.09.29"]
[Round "3"]
[White "THE_PLAYER6"]
[Black "katchesskat"]
[Result "0-1"]
[WhiteElo "2470"]
[BlackElo "2273"]
[TimeControl "180+1"]
[EndTime "10:25:16 PDT"]
[Termination "katchesskat won by checkmate"]

1. a3 c5 2. c3 e6 3. d4 b6 4. g3 Bb7 5. Nf3 Nf6 6. Bg2 Qc7 7. O-O Be7 8. Bf4 d6 9. Nbd2 h6 10. Nc4 g5 11. Bc1 cxd4 12. Qxd4 e5 13. Ncxe5 dxe5 14. Nxe5 Bxg2 15. Kxg2 Nc6 16. Nxc6 Qxc6+ 17. f3 Rd8 18. Qf2 Bc5 19. Qe1 O-O 20. b4 Bd6 21.
h4 Nh7 22. hxg5 hxg5 23. Rh1 Rfe8 24. Rxh7 Kxh7 25. Bxg5 Be7 26. Bf4 Kg7 27. Rc1 Rh8 28. Qf2 Bf6 29. c4 Bd4 30. e3 Bf6 31. g4 Qe6 32. c5 bxc5 33. Rxc5 Rd5 34. Rc2 Rd1 35. g5 Qh3# 0-1

[Event "*** SCC Grand Prix: Titled Tuesday Blitz"]
[Site "Chess.com"]
[Date "2020.09.29"]
[Round "3"]
[White "FMalexhdez"]
[Black "DariaVoit"]
[Result "1-0"]
[WhiteElo "2239"]
[BlackElo "2463"]
[TimeControl "180+1"]
[EndTime "10:25:16 PDT"]
[Termination "FMalexhdez won by resignation"]

1. e4 Nf6 2. e5 Nd5 3. d4 d6 4.
Nf3 dxe5 5. Nxe5 c6 6. c4 Nf6 7. Nc3 Bf5 8. Be2 e6 9. Be3 Nbd7 10. Qb3 Qb6 11. Nxd7 Nxd7 12. d5 Bc5 13. dxc6 bxc6 14. Na4 Qxb3 15. axb3 Bxe3 16. fxe3 Rb8 17. Bf3 Rxb3 18.
Bxc6 Rxe3+ 19. Kf2 Rd3 20. Nc5 e5 21. Nxd3 Bxd3 22.
Rxa7 1-0

[Event "*** SCC Grand Prix: Titled Tuesday Blitz"]
[Site "Chess.com"]
[Date "2020.09.29"]
[Round "3"]
[White "Godzillator"]
[Black "MikeSailer"]
[Result "0-1"]
[WhiteElo "2327"]
[BlackElo "2081"]
[TimeControl "180+1"]
[EndTime "10:25:19 PDT"]
[Termination "MikeSailer won by checkmate"]

1. d4 d5 2. c4 Bf5 3. cxd5 Bxb1 4. Qa4+ c6 5. dxc6 Nxc6 6. Rxb1 e5 7. dxe5 Bb4+ 8. Qxb4 Nxb4 9. Bd2 Qe7 10. Nf3 O-O-O 11.
Rc1+ Kb8 12. a3 Nc6 13. Bc3 f6 14. e3 Nxe5 15. Nxe5 fxe5 16. Be2 Nf6 17. O-O Ne4 18. Bb4 Qf6 19. Bf3 Nd2 20. Bxd2 Rxd2 21. b4 Rhd8 22.
Rc4 a6 23. h3 g6 24. Rfc1 e4 25. Rxe4 Qb2 26. Rc5 Rxf2 27. Re7 Rxf3 28. gxf3 Rd1# 0-1

[Event "*** SCC Grand Prix: Titled Tuesday Blitz"]
[Site "Chess.com"]
[Date "2020.09.29"]
[Round "3"]
[White "Omk124"]
[Black "DonPreuss"]
[Result "1-0"]
[WhiteElo "2439"]
[BlackElo "2240"]
[TimeControl "180+1"]
[EndTime "10:25:20 PDT"]
[Termination "Omk124 won by resignation"]

1. e4 e5 2. Nf3 d5 3. exd5 e4 4. Qe2 Nf6 5. d3 Qxd5 6. Nc3 Be7 7. Nxd5 Nxd5 8. Qxe4 Be6 9. Nd4 Nf6 10. Qxb7 Bd5 11. Qb5+ c6 12. Qa4 O-O 13. c4 Re8 14. Be3 Be6 15.
Nxe6 fxe6 16. Be2 Nbd7 17. O-O Ne5 18. d4 Ng6 19. Bf3 Rac8 20. Bxc6 Rf8 21. Bd7 Rb8 22. Bxe6+ Kh8 23. b3 Ne4 24. Qxa7 Nc3 25. d5 Bd6 26. Bd4 Ne2+ 27. Kh1 Nxd4 28. Qxd4 Rf4 29. Qe3 Rh4 30. g3 Rh5 31. c5 Be5 32. Rac1 Rf8 33. f4 Bf6 34. d6 1-0

[Event "*** SCC Grand Prix: Titled Tuesday Blitz"]
[Site "Chess.com"]
[Date "2020.09.29"]
[Round "3"]
[White "rududuyk"]
[Black "ZarinaShafigullina"]
[Result "1-0"]
[WhiteElo "2147"]
[BlackElo "2341"]
[TimeControl "180+1"]
[EndTime "10:25:23 PDT"]
[Termination "rududuyk won by resignation"]

1. e4 c5 2. Nf3 Nc6 3. d4 cxd4 4.
Nxd4 Nf6 5. Nxc6 bxc6 6. Bd3 e5 7. O-O d5 8. Bg5 Be7 9. Re1 d4 10. Nd2 O-O 11. Nc4 Nd7 12. Bd2 Kh8 13. Qh5 f6 14. f4 Qe8 15. Qf3 Nb6 16. f5 Rb8 17. a4 Nxc4 18. Bxc4 Bb4 19. Bxb4 Rxb4 20. b3 a5 21. Rad1 Qd8 22. Qh5 Qe8 23. Qh4 c5 24.
Rd3 Rb6 25. Qxh7+ 1-0

[Event "*** SCC Grand Prix: Titled Tuesday Blitz"]
[Site "Chess.com"]
[Date "2020.09.29"]
[Round "3"]
[White "Playgood28"]
[Black "isainz"]
[Result "1-0"]
[WhiteElo "2323"]
[BlackElo "2014"]
[TimeControl "180+1"]
[EndTime "10:25:26 PDT"]
[Termination "Playgood28 won by resignation"]

1. d4 Nf6 2. c4 g6 3. Nc3 Bg7 4. Nf3 d6 5. h3 O-O 6. Bf4 Nbd7 7.
e3 Re8 8. Be2 Nh5 9. Bh2 e5 10.
dxe5 dxe5 11. O-O c6 12. Qd6 Re6 13. Qd2 Qc7 14. Rfd1 Nc5 15. Nd4 Rd6 16. Ndb5 Rxd2 17. Nxc7 Rxd1+ 18. Rxd1 Rb8 19. Rd8+ Bf8 20. Bxe5 f6 21. Bd6 Nd7 22. Ne6 1-0

[Event "*** SCC Grand Prix: Titled Tuesday Blitz"]
[Site "Chess.com"]
[Date "2020.09.29"]
[Round "3"]
[White "RamyresCoelho"]
[Black "Mikhail_Golubev"]
[Result "0-1"]
[WhiteElo "2014"]
[BlackElo "2457"]
[TimeControl "180+1"]
[EndTime "10:25:31 PDT"]
[Termination "Mikhail_Golubev won by checkmate"]

1. e4 c5 2. Nf3 d6 3. d4 Nf6 4.
Nc3 cxd4 5. Nxd4 Nc6 6. Bg5 e6 7. Qd2 a6 8. O-O-O Bd7 9. f4 Be7 10. Nb3 b5 11. Bxf6 gxf6 12. Bd3 b4 13. Ne2 Qb6 14. Kb1 a5 15. g4 a4 16. Nbc1 O-O 17. f5 b3 18. h4 bxa2+ 19. Ka1 Rfb8 20. c3 Na5 21. g5 d5 22. gxf6 Bxf6 23. Rdg1+ Kh8 24.
Qh6 Qxb2# 0-1

[Event "*** SCC Grand Prix: Titled Tuesday Blitz"]
[Site "Chess.com"]
[Date "2020.09.29"]
[Round "3"]
[White "stolencandy13"]
[Black "ChessWarrior3"]
[Result "1-0"]
[WhiteElo "2466"]
[BlackElo "2153"]
[TimeControl "180+1"]
[EndTime "10:25:33 PDT"]
[Termination "stolencandy13 won by resignation"]

1. e4 c5 2. Nf3 d6 3. d4 cxd4 4.
Nxd4 Nf6 5. Nc3 a6 6. h3 e5 7. Nde2 b5 8. g4 b4 9. Nd5 Bb7 10. Bg2 Nxd5 11. exd5 Nd7 12. Be3 Be7 13. O-O h5 14. Ng3 hxg4 15. hxg4 Nf6 16. g5 Nxd5 17. Bxd5 Bxd5 18. Qxd5 Rc8 19. Kg2 Bxg5 20. Bxg5 Qxg5 21. Qxd6 Qg4 22. Rh1 Rh4 23. Rxh4 Qxh4 24. Rh1 Rd8 25. Qc6+ 1-0

[Event "*** SCC Grand Prix: Titled Tuesday Blitz"]
[Site "Chess.com"]
[Date "2020.09.29"]
[Round "3"]
[White "ural58"]
[Black "Zarinur"]
[Result "0-1"]
[WhiteElo "2369"]
[BlackElo "2190"]
[TimeControl "180+1"]
[EndTime "10:25:33 PDT"]
[Termination "Zarinur won on time"]

1. e4 e5 2. f4 d5 3. exd5 exf4 4. Nf3 Nf6 5. Bb5+ Bd7 6. O-O Bxb5 7. Re1+ Be7 8. d4 O-O 9. Bxf4 Nxd5 10. Be5 Nd7 11. Nbd2 Nxe5 12. Nxe5 Nf6 13. c4 Qxd4+ 14. Kh1 Ba6 15.
b3 Bb4 16. Nef3 Qd6 17. Re2 Rad8 18. Qc2 Rfe8 19. Rxe8+ Rxe8 20. Nf1 Ne4 21. Ne3 Qh6 0-1

[Event "*** SCC Grand Prix: Titled Tuesday Blitz"]
[Site "Chess.com"]
[Date "2020.09.29"]
[Round "3"]
[White "Rytenko_V"]
[Black "Misticpikachu"]
[Result "1-0"]
[WhiteElo "2514"]
[BlackElo "2305"]
[TimeControl "180+1"]
[EndTime "10:25:34 PDT"]
[Termination "Rytenko_V won by checkmate"]

1. c4 e6 2. Nc3 d5 3. d4 Nf6 4. g4 Nxg4 5. e4 Nf6 6. e5 Nfd7 7. cxd5 exd5 8. Nxd5 c5 9. Bg2 Nc6 10. Nf3 cxd4 11.
O-O Nb6 12. Bg5 Qxd5 13. Nxd4 Qc5 14. Nxc6 bxc6 15. Qd8# 1-0

[Event "*** SCC Grand Prix: Titled Tuesday Blitz"]
[Site "Chess.com"]
[Date "2020.09.29"]
[Round "3"]
[White "JiiHart"]
[Black "CrazyMartian"]
[Result "1/2-1/2"]
[WhiteElo "2065"]
[BlackElo "2319"]
[TimeControl "180+1"]
[EndTime "10:25:37 PDT"]
[Termination "Game drawn by repetition"]

1. e4 c5 2. Nf3 d6 3. d4 cxd4 4. Nxd4 Nf6 5. Nc3 a6 6. Bg5 e6 7. f4 Be7 8. Qf3 Qc7 9. O-O-O Nbd7 10. Bd3 h6 11. Bh4 g5 12. fxg5 Ne5 13. Qe2 Nfg4 14. Kb1 hxg5 15. Bg3 Bd7 16. h3 Nxd3 17. hxg4 Rxh1 18.
Rxh1 Ne5 19. Rh8+ Bf8 20. Bxe5 dxe5 21. Nf3 O-O-O 22. Nxg5 Bb4 23. Rxd8+ Kxd8 24. Nxf7+ Ke7 25. Qf3 Bxc3 26. bxc3 Qb6+ 27. Kc1 Qg1+ 28. Kb2 Qb6+ 29. Kc1 Qg1+ 30. Kb2 Qb6+ 31. Kc1 1/2-1/2